 Dungeon Crawl Stone Soup version 0.20.0-15-g7f486f2 (webtiles) character file.

27 theemperora the Skirmisher (level 2, 24/24 HPs)
             Began as a Demonspawn Abyssal Knight on June 10, 2017.
             Was a Follower of Lugonu.
             Got out of the dungeon alive.
             The game lasted 00:05:41 (1023 turns).

theemperora the Skirmisher (DsAK)                   Turns: 1023, Time: 00:05:41

Health: 24/24      AC:  3    Str: 12    XL:     2   Next: 93%
Magic:  3/3        EV: 11    Int: 13    God:    Lugonu [*.....]
Gold:   49         SH:  2    Dex: 16    Spells: 1/1 levels left

rFire    . . .     SeeInvis .   a - +1 spear
rCold    . . .     Gourm    .   (no shield)
rNeg     . . .     Faith    .   b - +0 leather armour
rPois    .         Spirit   .   (no helmet)
rElec    .         Reflect  +   (no cloak)
rCorr    .         Harm     .   (no gloves)
MR       .....                  (no boots)
Stlth    +.........             d - +2 amulet of reflection
Regen    0.1/turn               h - +4 ring of dexterity (curse)
MPRegen  0.1/turn               (no ring)

@: no status effects
A: powered by death 1
a: Depart the Abyss, Renounce Religion


You escaped.
You worshipped Lugonu.
Lugonu was aware of your devotion.
You were not hungry.

You visited 1 branch of the dungeon, and saw 1 of its levels.
You visited the Abyss 1 time.

You collected 49 gold pieces.

Inventory:

Hand Weapons
 a - a +1 spear (weapon)
Armour
 b - a +0 leather armour (worn)
Jewellery
 d - a +2 amulet of reflection (around neck)
 h - a cursed +4 ring of dexterity (left hand)
Scrolls
 e - 2 scrolls of identify {unknown}
 g - a scroll of amnesia {unknown}
Potions
 i - a potion of haste {unknown}
 j - a potion of resistance {unknown}
Comestibles
 c - a bread ration
 f - a royal jelly


   Skills:
 * Level 3.5 Fighting
 * Level 2.2 Polearms
 + Level 1.8 Armour
 + Level 1.0 Dodging
 + Level 0.4 Stealth
 + Level 2.6 Invocations


You had one spell level left.
You didn't know any spells.

Dungeon Overview and Level Annotations

Branches:
Dungeon (1/15)

Altars:


Innate Abilities, Weirdness & Mutations

You regenerate a little health from kills.


Message History

The rat barely misses you.
You puncture the rat!
You kill the rat!
Lugonu accepts your kill.
You see here a rat corpse.
You open the door.
There is an open door here.
You open the door.
There is an open door here.
There is an open door here.
There is a stone staircase leading down here.
There is a stone staircase leading down here.
You open the door.
There is an open door here.
There is a staircase leading out of the dungeon here.
You can't go up here!
There is a staircase leading out of the dungeon here.
You can't go down here!
Are you sure you want to leave the Dungeon?
This will make you lose the game!
You have escaped!

#.........#
#.........#
#####.........#
#.........##'###
#.######.###...#
#.# ##≈#.#≈###.####
#§###≈P≈.≈P≈##....#
#§##≈P8P.P8P≈#....#
#§§##≈P.@.P≈##....#
##§##≈....♣≈##.####
#§#≈.8..♣8♣≈#.#
#§##≈....♣≈##.#####
#§###≈#.#≈###.....#
#§# ###.#####(....#
#.# #....÷'.....#
#.# #.#####.....#
#.#####'### #.....#


There were no monsters in sight!

Vanquished Creatures
  An ooze (D:1)
  A dart slug (D:1)
  2 leopard geckos (D:1)
  A ball python (D:1)
  A bat (D:1)
  A giant cockroach (D:1)
  3 goblins (D:1)
  A hobgoblin (D:1)
  A frilled lizard (D:1)
  A kobold (D:1)
  8 rats (D:1)
21 creatures vanquished.

Vanquished Creatures (others)
  4 toadstools (D:1)
4 creatures vanquished.

Grand Total: 25 creatures vanquished

Notes
Turn   | Place    | Note
-------+----------+-------------------------------------------
     0 | Abyss:1  | theemperora the Demonspawn Abyssal Knight began the quest for the Orb.
     0 | Abyss:1  | Reached XP level 1. HP: 18/18 MP: 2/2
    45 | Abyss:1  | Noticed a worldbinder
    47 | D:1      | Escaped the Abyss
   170 | D:1      | Gained mutation: You regenerate a little health from kills. [demonic ancestry]
   170 | D:1      | Reached XP level 2. HP: 20/24 MP: 3/3
   686 | D:1      | Reached * piety under Lugonu
   686 | D:1      | Reached skill level 1 in Dodging
  1023 | D:$      | Got out of the dungeon alive.

Skill      XL: |  1  2 |
---------------+-------+-----
Polearms       | 2 |  2.2
Dodging        | 1 |  1.0
Fighting       | |  3.5
Armour         | |  1.8
Stealth        | |  0.4
Invocations    | |  2.6

Action                   || total
-------------------------++-------
Melee: Spear             ||    87
Invok: Depart the Abyss  ||     1
  Use: Scroll            ||     1
 Stab: Sleeping          ||     2
Armor: Leather armour    ||    35
Dodge: Dodged            ||    43
Block: Other             ||     5
